 Dungeon Crawl Stone Soup version 0.31-a0-1074-g0b22e4e0f1 (webtiles) character file.

Game seed: 3922779826521984081

256 NogeeEf the Sneak (level 5, -5/24 HPs)
             Began as a Vampire Earth Elementalist on Dec 1, 2023.
             Slain by an iguana (13 damage)
             ... on level 4 of the Dungeon.
             The game lasted 00:14:36 (3658 turns).

NogeeEf the Sneak (Vampire Earth Elementalist)      Turns: 3658, Time: 00:14:37

Health: -5/24      AC:  2    Str:  6 (7)  XL:     5   Next: 92%
Magic:  9/9        EV: 13    Int: 17      God:
Gold:   120        SH:  0    Dex: 17      Spells: 2/10 levels left

rFire   . . .        m - +1 short sword (drain)
rCold   + + .        (no shield)
rNeg    + + +        a - +0 robe
rPois   ∞            (no helmet)
rElec   .            (no cloak)
rCorr   .            (no gloves)
SInv    +            (no boots)
Will    .....        (no amulet)
Stlth   +++++        (no ring)
HPRegen 0.00/turn    (no ring)
MPRegen 0.11/turn

%: no passive effects
@: bloodless, inhibited regen
A: bloodless, fangs 3, see invisible, vampiric 2, [frail 1]
a: Bat Form, Revivify


You were on level 4 of the Dungeon.
You visited 1 branch of the dungeon, and saw 4 of its levels.

You collected 120 gold pieces.

Inventory:

Hand Weapons
 c - a +0 dagger
 m - a +1 short sword of draining (weapon)
Armour
 a - a +0 robe (worn)
 g - the +0 robe of Whack-A-Mole {+Inv rF- rC+ rN++}
   (You found it on level 3 of the Dungeon)

   rF-:       It makes you vulnerable to fire.
   rC+:       It protects you from cold.
   rN++:      It greatly protects you from negative energy.
   +Inv:      It lets you turn invisible.
Jewellery
 e - a ring of protection from cold
 f - a ring of magical power
Talismans
 h - a flux talisman
Wands
 o - a wand of flame (18)
Scrolls
 i - a scroll of poison {unknown}
 j - a scroll of noise {unknown}
 k - 5 scrolls of teleportation
 n - 2 scrolls of fear
 p - a scroll of silence {unknown}
Potions
 b - 2 potions of magic
 d - a potion of lignification
 l - a potion of mutation
 r - a potion of curing


   Skills:
 + Level 2.1 Short Blades
 + Level 3.5 Dodging
 + Level 5.0 Stealth
 + Level 3.0 Spellcasting
 + Level 2.1 Transmutations
 + Level 3.9 Earth Magic


You had 2 spell levels left.
You knew the following spells:

 Your Spells              Type           Power      Damage    Failure   Level
a - Sandblast             Erth           32%        2d9       3%          1
b - Stone Arrow           Conj/Erth      18%        3d8       24%         3
c - Petrify               Tmut/Erth      12%        N/A       45%         4

Your spell library contained the following spells:

 Spells                   Type           Power      Damage    Failure   Level
 Passwall                 Tmut/Erth      10%        N/A       8%          2
 Call Canine Familiar     Summ           2%         N/A       45%         3
 Gell's Gravitas          Tloc           2%         N/A       45%         3
 Sigil of Binding         Hex            2%         N/A       45%         3
 Teleport Other           Tloc           2%         N/A       45%         3
 Brom's Barrelling Bould  Conj/Erth      9%         2d3       61%         4
 Leda's Liquefaction      Hex/Erth       4%         N/A       61%         4
 Dimensional Bullseye     Hex/Tloc       1%         N/A       86%         4
 Dispersal                Tloc           1%         N/A       100%        6


Dungeon Overview and Level Annotations

Branches:
Dungeon (4/15)
 Temple: D:4-7

Altars:


Innate Abilities, Weirdness & Mutations

You do not regenerate when monsters are visible.
You are frail without blood (-20% HP).
You can heal yourself when you bite living creatures.
You are immune to poison.
You have razor-sharp teeth.
You have supernaturally acute eyesight. (SInv)
You are afflicted with vampirism and can become a bat while bloodless.
[You are frail. (-10% HP)]


Message History

Found 6 gold pieces.
The helpless orc fails to defend itself.
You bite the orc, and draw its blood! You impale the orc!!
You kill the orc!
You see here a +0 hand axe.
An orc comes into view. It is wielding a +0 hand axe.
The helpless orc fails to defend itself.
You bite the orc, and draw its blood! You impale the orc!!
You kill the orc!
Your Spellcasting skill increases to level 3!
The helpless orc fails to defend itself.
You bite the orc, and draw its blood! You impale the orc!!
You kill the orc!
You see here a +0 mace.
You now have 120 gold pieces (gained 6).
Found a stone staircase leading down. 2 orc wizards and 3 orcs come into view.
An iguana comes into view.
The helpless orc wizard fails to defend itself.
You bite the orc wizard, and draw its blood!
You impale the orc wizard!!
You kill the orc wizard!
You feel your intelligence returning.
Your Stealth skill increases to level 5!
The helpless orc fails to defend itself.
You bite the orc, and draw its blood! You impale the orc!!
You kill the orc!
A dart slug comes into view.
The orc wizard shouts!
The orc shouts! x2
Things that are here:
a +0 dagger; a +0 robe; an orc corpse You closely miss the orc.
The iguana bites you!
Ouch! That really hurt!
The orc sings a few bars from the Orcish anthem.
The iguana attacks as it pursues you! The iguana bites you.
The iguana attacks as it pursues you! The iguana closely misses you.
You barely miss the iguana. The iguana bites you!
Ouch! That really hurt!
You die...

#.. #########. ###
#......... #.........
#.........
####o).......#####
#.o.o)..w......... .
#l##.........#####
...####@##.........
..>.....##.........
#..###...###############
#................ .....
#.#######.####### #####
#...# ###.## #..# ##.##


You could see an iguana and an orc.

Vanquished Creatures
  A scorpion (D:4)
  An orc priest (D:3)
  2 orc wizards
  4 adders
  A worm (D:2)
  3 dart slugs
  9 orcs
  5 endoplasms
  3 giant cockroaches
  5 goblins
  2 hobgoblins
  2 jackals (D:1)
  10 kobolds
  4 quokkas
  A ball python (D:2)
  6 bats
  2 frilled lizards (D:1)
  3 rats
64 creatures vanquished.

Notes
Turn   | Place    | Note
-------+----------+-------------------------------------------
     0 | D:1      | NogeeEf the Vampire Earth Elementalist began the quest for
                  | the Orb.
     0 | D:1      | Reached XP level 1. HP: 13/13 MP: 3/3
   197 | D:1      | Reached XP level 2. HP: 11/15 MP: 1/5
   861 | D:1      | Gained mutation: You are afflicted with vampirism and can
                  | become a bat while bloodless. [Vampire growth]
   861 | D:1      | Reached XP level 3. HP: 19/19 MP: 6/6
  1229 | D:2      | Reached skill level 4 in Stealth
  1282 | D:2      | Reached skill level 1 in Short Blades
  1363 | D:2      | Reached XP level 4. HP: 24/24 MP: 4/7
  1396 | D:2      | Learned a level 3 spell: Stone Arrow
  1401 | D:2      | Learned a level 4 spell: Petrify
  2307 | D:3      | Found a faded altar of an unknown god.
  2411 | D:3      | Identified the +0 robe of Whack-A-Mole {+Inv rF- rC+ rN++}
  2665 | D:3      | Reached XP level 5. HP: 24/31 MP: 7/9
  3650 | D:4      | Reached skill level 5 in Stealth
  3658 | D:4      | Slain by an iguana

Illustrated notes

Levels and vault maps discovered:
D:1:      dpeg_arrival_round_c, layout_basic, minmay_misc_feat_rows
D:2:      layout_basic
D:3:      layout_basic, nicolae_ecumenical_oubliette
D:4:      layout_basic, mainiacjoe_overflow_alcove_4

Skill      XL: |  1  2  3  4  5 |
---------------+----------------+-----
Stealth        | 4 5 |  5.0
Short Blades   | 1 2 |  2.1
Dodging        | 3 |  3.5
Transmutations | 2 |  2.1
Spellcasting   | 3 |  3.0
Earth Magic    | |  3.9

Action                     |  1- 3 |  4- 6 || total
---------------------------+-------+-------++-------
  Melee: Dagger            |    98 |       ||    98
         Bite              |     8 |     4 ||    12
         Short sword       |    13 |    69 ||    82
         Punch             |       |     1 ||     1
   Cast: Sandblast         |    19 |    15 ||    34
Ability: Exsanguinate      |     1 |     2 ||     3
         End Transformatio |       |     1 ||     1
         Bat Form          |       |     1 ||     1
         Revivify          |       |     1 ||     1
    Use: Scroll            |       |     5 ||     5
   Stab: Sleeping          |    10 |    15 ||    25
         Distracted        |       |     1 ||     1
 Armour: Robe              |    51 |    29 ||    80
         Skin              |       |     1 ||     1
  Dodge: Dodged            |    81 |    37 ||   118

Table legend: (Time is in decaauts)
 A = Elapsed time spent in this place.
 B = Non-inter-level travel time spent in this place.
 C = Inter-level travel time spent in this place.
 D = Time resting spent in this place.
 E = Time spent auto-exploring this place.
 F = Levels seen in this place.
 G = Mean time per level.
                   A        B        C        D        E       F      G
               +--------+--------+--------+--------+--------+-----+--------+
         Total |   3655 |   3426 |    229 |    311 |   2412 |   4 |  913.8 |
       Dungeon |   3655 |   3426 |    229 |    311 |   2412 |   4 |  913.8 |
               +--------+--------+--------+--------+--------+-----+--------+

Top non-repeatable levels by time:
     D:1: 1260 daAuts
     D:2: 1104 daAuts
     D:3: 960 daAuts
     D:4: 329 daAuts
